Unix NetHack Version 5.0.0-0 post-release - last build Jun 10 2026 00:39:30 (3ee93aec679c4c4259841fe613dc97188e26a321,branch:main).

Game began 2026-06-10 08:47:02, ended 2026-06-10 09:00:39.

LDaviesPeters, neutral female human Archeologist

                  --------------
                  |............|
                  |........`..>-#``##    -----     ---------
                  |............|    #####|.>.|     +.......|
 ------------     -|--.------|--        #|...|     |.......|
 |.!!!!!.!..mf`##  #  #      #  #########....|     |....^...#########
 |!!!!!!!!!.|@  ####  ##     ####      # -.---     |.......|        #    ##
 |!!!!!!!!!.|#   #     ##### ##        #  #       #........|        #  ---.---
 ------------#####         ####       ########### #----|----        ###..{...|
             `##         ### #        ##   # ---.-#    #               |...<.|
             ###         #-.-|---   ###    # |...|#                    |.....|
             #           #|.....|  ##      # |....#                    |.....|
          ####           #|.....| ##      -|--_..|                     |.....|
          #-+--------    #|.....| #       |.%_.._|                     -------
          #|........|    #|......##       |......|
          #|........|    #-------         |......|
          #|........|####`                --------
          #..........#
           ----+-----

LDaviesPeters the Digger   St:11 Dx:10 Co:16 In:12 Wi:18 Ch:9  Neutral
Dlvl:3  $:0  HP:0(17) Pw:8(8) AC:9  Xp:2 T:1473  Hungry  

Latest messages:
 You put a +0 pick-axe into the sack.
 "Hello, LDaviesPeters!  Welcome again to Syktywkar's liquor emporium!"
 In what direction? 6
 The door resists!
 In what direction? 6
 The door resists!
 In what direction? 6
 The door closes.
 You see here a dark green potion (for sale, 89 zorkmids).
 You see here a dark green potion (for sale, 67 zorkmids).
 You see here a golden potion (for sale, 133 zorkmids).
 You see here a smoky potion (for sale, 200 zorkmids).
 You see here a ruby potion (for sale, 267 zorkmids).
 You see here a cloudy potion (for sale, 89 zorkmids).
 You see here a puce potion (for sale, 267 zorkmids).
 You see here a cloudy potion (for sale, 89 zorkmids).
 You see here a magenta potion (for sale, 333 zorkmids).
 You see here a puce potion (for sale, 267 zorkmids).
 You see here an orange potion (for sale, 533 zorkmids).
 You see here a puce potion (for sale, 267 zorkmids).
 You see here a clear potion (for sale, 7 zorkmids).
 You see here a milky potion (for sale, 178 zorkmids).
 You see here a bubbly potion (for sale, 200 zorkmids).
 You see here a milky potion (for sale, 178 zorkmids).
 You see here a cyan potion (for sale, 67 zorkmids).
 You see here a fizzy potion (for sale, 36 zorkmids).
 You see here a pink potion (for sale, 200 zorkmids).
 You see here a fizzy potion (for sale, 36 zorkmids).
 You see here a murky potion (for sale, 333 zorkmids).
 You see here a cloudy potion (for sale, 89 zorkmids).
 You see here a milky potion (for sale, 133 zorkmids).
 You see here a cloudy potion (for sale, 89 zorkmids).
 You find a giant mimic.
 You see here a fizzy potion (for sale, 36 zorkmids).
 You hear some noises in the distance.
 You see here a milky potion (for sale, 178 zorkmids).
 You see here a puce potion (for sale, 267 zorkmids).
 You see here a cloudy potion (for sale, 89 zorkmids).
 You see here a smoky potion (for sale, 200 zorkmids).
 You see here a dark green potion (for sale, 67 zorkmids).
 You see here a dark green potion (for sale, 89 zorkmids).
 The door resists!
 The door opens.
 You hear some noises.
 The kitten misses it.
 You swap places with your kitten.
 The giant mimic hits!
 The giant mimic hits again!
 You die...
 Do you want your possessions identified? [ynq] (y) q

Inventory:
 Weapons  (')')
  a - a +2 bullwhip (weapon in right hand)
 Armor    ('[')
  c - an uncursed +0 fedora (being worn)
  h - an uncursed +0 leather jacket (being worn)
 Comestibles  ('%')
  t - an uncursed slime mold
  v - an uncursed clove of garlic
  d - 3 uncursed food rations
  w - 2 uncursed lembas wafers
 Rings    ('=')
  x - an uncursed ring of conflict
 Tools    ('(')
  b - an uncursed sack containing 7 items
  k - a cursed skeleton key
  i - an uncursed tin opener
  f - a tinning kit (0:50)
 Gems/Stones  ('*')
  s - a cursed topaz stone
  g - an uncursed touchstone

Contents of the sack:
  36 gold pieces
  an uncursed scroll of amnesia
  an uncursed scroll of enchant weapon
  an uncursed potion of fruit juice
  an uncursed potion of blindness
  an uncursed potion of gain level
  a +0 pick-axe

LDaviesPeters the Archeologist's attributes:

Background:
 You were a Digger, a level 2 female human Archeologist.
 You were neutral, on a mission for Camaxtli
 who was opposed by Quetzalcoatl (lawful) and Huhetotl (chaotic).
 You were right-handed.
 You were in the Dungeons of Doom, on level 3.
 You entered the dungeon 1473 turns ago.
 You had 38 experience points, 2 more were needed to attain level 3.

Basics:
 You had 0 out of 17 hit points.
 You had all 8 energy points (spell power).
 Your armor class was 9.
 Your wallet was empty, but
 you had 36 zorkmids stashed away in your pack.
 Autopickup was off.

Final Characteristics:
 Your strength was 11 (limit:18/100).
 Your dexterity was 10 (limit:18).
 Your constitution was 16 (limit:18).
 Your intelligence was 12 (limit:18).
 Your wisdom was 18 (limit:18).
 Your charisma was 9 (limit:18).

Final Status:
 You were held by a giant mimic (northwest).
 You were hungry.
 You were unencumbered.
 You were wielding a whip.
 You had basic skill with whip.

Final Attributes:
 You were devoutly aligned.
 You had automatic searching.
 You were lucky.
 You are dead.

Miscellaneous:
 You didn't encounter any bones levels.
 Total elapsed playing time was 13 minutes and 37 seconds.

Major events:
 Turn
    1: LDaviesPeters the neutral female human Archeologist entered the dungeon
 1101: entered the Gnomish Mines
 1473: killed by a giant mimic

You didn't know any spells.

Skills:
 Fighting Skills
   bare handed combat [Unskilled]
   two weapon combat  [Unskilled]
   riding             [Unskilled]
 Weapon Skills
   dagger             [Unskilled]
   knife              [Unskilled]
   pick-axe           [Basic]
   short sword        [Unskilled]
   saber              [Unskilled]
   club               [Unskilled]
   quarterstaff       [Unskilled]
   sling              [Unskilled]
   dart               [Unskilled]
   boomerang          [Unskilled]
   whip               [Basic]
   unicorn horn       [Unskilled]
 Spellcasting Skills
   attack spells      [Unskilled]
   healing spells     [Unskilled]
   divination spells  [Unskilled]
   matter spells      [Unskilled]

Voluntary challenges:
 Character rerolling was not enabled.
 You never genocided any monsters.
 You never polymorphed an object.
 You never changed form.
 You used no wishes.
Achievements:
 You entered the Gnomish Mines.
 You entered a shop.

 The Dungeons of Doom: levels 1 to 4
    Level 1:
       A fountain.
    Level 2:
       An altar to Camaxtli.
    Level 3: <- You were here.
       A potion shop, many altars, a fountain.
       Stairs down to The Gnomish Mines.
       Final resting place for
          you, killed by a giant mimic.
    Level 4:
 The Gnomish Mines:
    Level 4:


Vanquished creatures:
 an acid blob
  a giant rat
  3 geckos
  3 jackals
  a fox
  a kobold
  2 sewer rats
  a grid bug
  4 lichens
  a kobold zombie
  2 newts
20 creatures vanquished.

No species were genocided or became extinct.

Game over:
                       ----------
                      /          \
                     /    REST    \
                    /      IN      \
                   /     PEACE      \
                  /                  \
                  |  LDaviesPeters   |
                  |      36 Au       |
                  |   killed by a    |
                  |   giant mimic    |
                  |                  |
                  |                  |
                  |       2026       |
                 *|     *  *  *      | *
        _________)/\\_//(\/(/\)/\//\/|_)_______

Goodbye LDaviesPeters the Archeologist...

You died in The Dungeons of Doom on dungeon level 3 with 335 points,
and 36 pieces of gold, after 1473 moves.
You were level 2 with a maximum of 17 hit points when you died.

